AoeStats
← 17_Neo_

Oasis

508780696Analyzed
4v4 RM · 8d ago on Sep 24, 2026· 63m 47s· 8 players
Game mode
Random Map
Map size
Large (8 player)
Population
200
Speed
Normal
Resources
Standard
Victory
Conquest
Starting age
Dark Age
Ending age
Imperial Age
RankedLock teamsTeams togetherTeam positionsShared explorationLock speedFull tech treeHidden civsTurbo modeCheats
Victory
Defeat
🇨🇴 Persians · Colombia
1365
+13
🇨🇴 Teutons · Colombia
1354
+14
🇨🇴 Hindustanis · Colombia
1316
+15
🇨🇴 Ethiopians · Colombia
1245
+19
🇺🇸 Italians · United States
1343
-17
🇨🇦 Persians · Canada
1296
-15
🇨🇦 Franks · Canada
1292
-15
🇦🇷 Maya · Argentina
1271
-14
rem1717
7:58 Loom
9:46 Feudal Age
11:04 Town Watch
11:14 Double-Bit Axe
16:04 Scale Barding Armor
16:43 Forging
20:19 Wheelbarrow
20:51 Gold Mining
20:51 Stone Mining
21:03 Stone Mining
23:16 Castle Age
21:10 Gold Mining
24:31 Bow Saw
25:11 Hand Cart
25:50 Husbandry
27:51 Chain Barding Armor
29:05 Iron Casting
37:40 Imperial Age
37:46 Cavalier
39:08 Plate Barding Armor
39:34 Blast Furnace
39:39 Paladin
44:11 Light Cavalry
49:21 Gold Shaft Mining
48:37 Stone Mining
50:07 Fletching
Weafol
0:29 Loom
11:07 Feudal Age
16:16 Castle Age
16:09 Horse Collar
16:16 Double-Bit Axe
20:10 Fletching
24:23 Bow Saw
25:37 Bodkin Arrow
26:49 Wheelbarrow
26:09 Town Watch
26:18 Gold Mining
26:59 Padded Archer Armor
26:31 Crossbowman
28:47 Thumb Ring
29:57 Ballistics
29:59 Leather Archer Armor
30:06 Hand Cart
41:39 Coinage
xFingolfinx
7:12 Loom
12:46 Feudal Age
13:53 Horse Collar
14:03 Double-Bit Axe
16:55 Gold Mining
19:45 Castle Age
19:22 Forging
19:19 Scale Barding Armor
19:05 Fletching
20:10 Bloodlines
21:36 Bow Saw
22:58 Wheelbarrow
22:52 Husbandry
23:17 Chain Barding Armor
23:23 Heavy Plow
24:24 Stone Mining
26:17 Hand Cart
27:27 Iron Casting
31:51 Imperial Age
29:08 Town Watch
29:45 Bodkin Arrow
30:50 Gold Shaft Mining
30:51 Stone Shaft Mining
31:33 Masonry
31:20 Murder Holes
31:33 Cavalier
32:53 Plate Barding Armor
32:54 Crop Rotation
33:31 Two-Man Saw
32:39 Capped Ram
34:27 Blast Furnace
35:17 Caravan
35:42 Padded Archer Armor
35:07 Savar
36:31 Architecture
36:24 Conscription
37:22 Hoardings
37:53 Chemistry
36:53 Heavy Camel Rider
37:07 Crossbowman
39:28 Citadels
39:29 Thumb Ring
39:49 Ballistics
39:11 Sappers
43:48 Kamandaran
44:28 Leather Archer Armor
44:14 Scale Mail Armor
46:19 Light Cavalry
49:48 Chain Mail Armor
49:17 Hussar
Embers1000
9:40 Feudal Age
10:23 Double-Bit Axe
11:10 Horse Collar
13:31 Fletching
14:19 Padded Archer Armor
15:51 Gold Mining
22:45 Castle Age
21:21 Loom
23:13 Crossbowman
23:48 Bodkin Arrow
24:09 Leather Archer Armor
26:14 Ballistics
28:23 Stone Mining
30:24 Scale Mail Armor
30:34 Forging
32:30 Wheelbarrow
36:20 Imperial Age
35:44 Bow Saw
35:02 Pikeman
35:44 Squires
36:01 Chain Mail Armor
38:13 Ring Archer Armor
40:52 Hand Cart
40:24 Town Watch
43:35 Town Patrol
44:23 Bracer
47:00 Plate Mail Armor
47:11 Iron Casting
Mhao
9:58 Feudal Age
8:14 Loom
10:02 Feudal Age
13:57 Wheelbarrow
20:07 Town Watch
27:11 Double-Bit Axe
31:52 Castle Age
30:41 Horse Collar
31:57 Elite Skirmisher
36:49 Heavy Plow
37:33 Crossbowman
40:59 Hand Cart
42:14 Scale Mail Armor
45:10 Town Patrol
46:22 Town Patrol
50:33 Imperial Age
50:37 Ballistics
53:11 Squires
56:23 Bow Saw
62:23 Two-Man Saw
61:14 Gold Mining
61:14 Stone Mining
62:22 Thumb Ring
62:31 Murder Holes
Logan
9:30 Feudal Age
10:57 Loom
20:05 Scale Barding Armor
20:21 Bloodlines
25:28 Castle Age
24:10 Forging
24:16 Forging
27:47 Iron Casting
37:04 Double-Bit Axe
37:07 Horse Collar
44:03 Wheelbarrow
46:17 Imperial Age
47:15 Husbandry
48:34 Chain Barding Armor
62:36 Hand Cart
RAGNAROK
2:23 Loom
13:37 Feudal Age
14:52 Wheelbarrow
17:45 Castle Age
16:11 Double-Bit Axe
16:31 Horse Collar
23:14 Bow Saw
23:07 Heavy Plow
26:17 Scale Barding Armor
31:22 Imperial Age
29:18 Bloodlines
30:45 Forging
32:26 Conscription
31:34 Cavalier
32:36 Chain Barding Armor
32:52 Iron Casting
34:55 Plate Barding Armor
36:31 Blast Furnace
36:58 Paladin
39:39 Pikeman
40:20 Squires
40:31 Scale Mail Armor
41:39 Halberdier
44:22 Caravan
47:29 Chain Mail Armor
56:39 Plate Mail Armor
57:17 Two-Man Saw
56:48 Crop Rotation
17_Neo_
4:52 Loom
11:02 Feudal Age
12:44 Double-Bit Axe
15:04 Castle Age
13:43 Horse Collar
16:03 Wheelbarrow
24:03 Bow Saw
24:53 Bloodlines
25:03 Scale Barding Armor
26:04 Chain Barding Armor
26:31 Forging
26:35 Gold Mining
27:29 Husbandry
28:25 Light Cavalry
30:58 Iron Casting
36:24 Imperial Age
34:11 Hand Cart
35:08 Stone Mining
35:54 Gold Shaft Mining
36:05 Cavalier
37:33 Plate Barding Armor
36:36 Heavy Camel Rider
38:38 Blast Furnace
38:08 Savar
43:44 Caravan
57:43 Heavy Plow
Connection lost

Rejoining the realm…

Still unreachable

The connection could not be restored.

Session expired

The server has moved on; the page needs a fresh start.